 Dungeon Crawl Stone Soup version 0.31-a0-881-ge136f0c47a (webtiles) character file.

Game seed: 4633473835599613122

4768 Spaninq the Mimic (level 10, -4/102 HPs)
             Began as a Troll Shapeshifter on Oct 15, 2023.
             Was a Follower of Qazlal.
             Slain by a sixfirhy (11 damage)
             ... summoned by a kobold demonologist
             ... on level 9 of the Dungeon.
             The game lasted 00:22:07 (6203 turns).

Spaninq the Mimic (Troll Shapeshifter)              Turns: 6203, Time: 00:22:08

Health: -4/102     AC:  4    Str: 34    XL:     10   Next: 23%
Magic:  9/9        EV:  9    Int:  6    God:    Qazlal [*.....]
Gold:   614        SH:  6    Dex:  9    Spells: 9/9 levels left

rFire   . . .        m - melded +3 whip (venom)
rCold   . . .        (shield currently unavailable)
rNeg    . . .        D - +0 steam dragon scales
rPois   .            (helmet restricted)
rElec   .            e - +1 cloak
rCorr   .            (gloves unavailable)
SInv    .            (boots unavailable)
Will    .....        t - amulet of reflection
Stlth   +            y - +6 ring of strength
HPRegen 1.17/turn    (no ring)
MPRegen 0.11/turn

%: reflection
@: blade hands, slowed, very slow
A: large, unfitting armour, (claws 3), regeneration 1, shaggy fur 1, tough skin
1
a: Begin Untransformation, Renounce Religion


You were on level 9 of the Dungeon.
You worshipped Qazlal.
Qazlal was aware of your devotion.
You had blades for hands.
You visited 2 branches of the dungeon, and saw 10 of its levels.
You also visited: Sewer and Ossuary.

You collected 614 gold pieces.

Inventory:

Hand Weapons
 m - a +3 whip of venom (melded)
Armour
 e - a +1 cloak (worn)
 D - +0 steam dragon scales (worn)
Jewellery
 p - a ring of wizardry
 t - an amulet of reflection (around neck)
 y - a +6 ring of strength (left blade hand)
 H - a +6 ring of intelligence
 I - a ring of flight
Talismans
 c - a beast talisman
 d - a flux talisman
 A - a blade talisman (active)
Wands
 f - a wand of paralysis (12)
 z - a wand of flame (6)
 G - a wand of roots (11)
Scrolls
 g - 3 scrolls of revelation
 h - 2 scrolls of identify
 i - 2 scrolls of enchant weapon
 o - 5 scrolls of poison
 s - a scroll of immolation {unknown}
 w - 3 scrolls of enchant armour
 x - 4 scrolls of teleportation
 B - 2 scrolls of fear
Potions
 a - a potion of cancellation {unknown}
 b - 2 potions of lignification
 j - 2 potions of degeneration {unknown}
 k - 3 potions of heal wounds
 l - 3 potions of invisibility
 n - 7 potions of curing
 q - 2 potions of brilliance
 r - a potion of haste {unknown}
 u - 2 potions of resistance
 v - 2 potions of magic
 C - 3 potions of might
 E - a potion of attraction {unknown}
 F - 3 potions of ambrosia


   Skills:
 + Level 7.3 Fighting
 - Level 1.5 Dodging
 - Level 3.0 Unarmed Combat
 * Level 11.6 Shapeshifting


You had 9 spell levels left.
You didn't know any spells.
Your spell library contained the following spells:

 Spells                   Type           Power      Damage    Failure   Level
 Sting                    Tmut/Pois      0%         1d3       45%         1
 Lesser Beckoning         Tloc           0%         N/A       58%         2
 Poisonous Vapours        Pois/Air       0%         N/A       58%         2
 Sublimation of Blood     Necr           0%         N/A       58%         2
 Wereblood                Tmut           0%         N/A       58%         2
 Gell's Gravitas          Tloc           0%         N/A       83%         3
 Mephitic Cloud           Conj/Pois/Air  0%         N/A       83%         3
 Ozocubu's Armour         Ice            0%         N/A       83%         3
 Teleport Other           Tloc           0%         N/A       83%         3
 Olgreb's Toxic Radiance  Pois           0%         N/A       99%         4
 Freezing Cloud           Conj/Ice/Air   0%         6-21      100%        5
 Metabolic Englaciation   Hex/Ice        0%         N/A       100%        5
 Simulacrum               Ice/Necr       0%         N/A       100%        6
 Summon Hydra             Summ           0%         N/A       100%        7


Dungeon Overview and Level Annotations

Branches:
Dungeon (9/15)             Temple (1/1) D:6             Orc (0/2) D:9
  Sewer (visited)         Ossuary (visited)
   Lair: D:8-11

Altars:
Ashenzari
Cheibriados
Dithmenos
Elyvilon
Fedhas
Gozag
Hepliaklqana
Kikubaaqudgha
Makhleb
Nemelex Xobeh
Okawaru
Qazlal
Ru
Sif Muna
Trog
Uskayaw
Wu Jian
Xom
Zin
The Shining One

Shops:
D:1 (

Annotations:
Temple 2 transporters


Innate Abilities, Weirdness & Mutations

You have blades for hands.
You are incapable of wielding weapons or throwing items.
You are too large for most types of armour.
((You have claws for hands.))
Your natural rate of healing is unusually fast.
You are covered in fur. (AC +1)
You have tough skin. (AC +1)


Message History

The sixfirhy hits you. The sixfirhy shocks you!
A kobold comes into view. It is wielding a +0 dagger.
The kobold barely misses you. The sixfirhy hits you! The sixfirhy shocks you!
The kobold barely misses you. You block the kobold brigand's attack.
The kobold closely misses you.
A kobold comes into view. It is wielding a +0 club.
You block the sixfirhy's attack. The sixfirhy hits you.
The sixfirhy shocks you! The kobold brigand barely misses you.
The kobold brigand closely misses you. The sixfirhy closely misses you.
The sixfirhy hits you! The sixfirhy shocks you!
* * * LOW HITPOINT WARNING * * *
You block the sixfirhy's attack. The sixfirhy hits you!
* * * LOW HITPOINT WARNING * * *
The sixfirhy shocks you!
* * * LOW HITPOINT WARNING * * *
You block the sixfirhy's attack.
Okay, then.
You feel much better. The sixfirhy hits you!
* * * LOW HITPOINT WARNING * * *
The sixfirhy shocks you!
* * * LOW HITPOINT WARNING * * *
The kobold brigand hits you with a +3 whip of flaming.
* * * LOW HITPOINT WARNING * * *
The kobold brigand burns you.
* * * LOW HITPOINT WARNING * * *
The kobold hits you but does no damage.
The kobold brigand hits you with a +3 whip of flaming.
* * * LOW HITPOINT WARNING * * *
The kobold brigand burns you.
* * * LOW HITPOINT WARNING * * *
You block the sixfirhy's attack.
You feel much better. You block the sixfirhy's attack. The sixfirhy hits you.
* * * LOW HITPOINT WARNING * * *
The sixfirhy shocks you!
* * * LOW HITPOINT WARNING * * *
You block the sixfirhy's attack. The sixfirhy hits you.
* * * LOW HITPOINT WARNING * * *
The sixfirhy shocks you!
You die...

................######.##
.........................
.......... ......>.##
######..# #..# ### #..#
.##########>############..#
.......<..○@KKKK..........##
............3K.KKK..........
........########K...........
........# #..##########
######..# #K.# #..# #KK# ##
.... ...# .. ..... ..K#
....K


You could see a kobold demonologist, a sixfirhy (summoned), 2 kobold brigands
and 6 kobolds.

Vanquished Creatures
  Pikel (D:4)
  A komodo dragon (D:8)
  Grinder (D:5)
  A wraith (D:9)
  A steam dragon (D:9)
  2 water moccasins
  3 orc warriors
  A sky beast (D:7)
  3 black bears
  An ogre (D:5)
  2 ice beasts
  2 centaurs
  An elf zombie (Ossuary)
  A phantom (D:7)
  A kobold brigand (Sewer)
  2 bullfrogs (D:7)
  3 scorpions
  3 necrophages (D:4)
  8 wights (D:8)
  2 howler monkeys
  A bullfrog zombie (D:4)
  2 quasits (Sewer)
  7 orc priests
  8 hounds
  7 orc wizards
  A hound zombie (D:4)
  4 mummies (Ossuary)
  7 adders
  5 shadow imps
  A white imp (D:7)
  5 ufetubi
  2 adder zombies
  4 worms
  2 dart slugs
  33 orcs
  5 ball pythons
  8 bats
  11 endoplasms
  7 giant cockroaches
  10 hobgoblins
  8 jackals
  7 quokkas
  3 frilled lizards
  2 goblins
  A goblin zombie (Ossuary)
  3 hobgoblin zombies (Ossuary)
  A jackal zombie (Ossuary)
  23 kobolds
  2 kobold zombies
  An orc zombie (Ossuary)
  A quokka zombie (D:4)
  4 rats
  3 rat zombies (Ossuary)
229 creatures vanquished.

Vanquished Creatures (others)
  A kobold zombie (Sewer)
1 creature vanquished.

Grand Total: 230 creatures vanquished

Notes
Turn   | Place    | Note
-------+----------+-------------------------------------------
     0 | D:1      | Spaninq the Troll Shapeshifter began the quest for the Orb.
     0 | D:1      | Reached XP level 1. HP: 18/18 MP: 0/0
    10 | D:1      | Found Wainwum's Weapon Boutique.
    59 | D:1      | Reached skill level 1 in Fighting
    89 | D:1      | Reached XP level 2. HP: 27/27 MP: 1/1
   596 | D:2      | Reached XP level 3. HP: 31/33 MP: 2/2
   687 | D:2      | Reached skill level 4 in Shapeshifting
   750 | D:2      | Reached XP level 4. HP: 37/42 MP: 3/3
   954 | D:3      | Found an opulent altar of Gozag.
   954 | D:3      | Found a shadowy altar of Dithmenos.
   954 | D:3      | Found a snail-covered altar of Cheibriados.
  1229 | D:3      | Reached XP level 5. HP: 29/50 MP: 4/4
  1268 | D:3      | Found an iron altar of Okawaru.
  1694 | D:4      | Found a sand-covered staircase.
  1699 | Ossuary  | Entered an ossuary
  1740 | Ossuary  | Reached skill level 5 in Shapeshifting
  1796 | Ossuary  | Reached XP level 6. HP: 59/59 MP: 5/5
  2073 | D:4      | Reached skill level 6 in Shapeshifting
  2383 | D:4      | Found a blossoming altar of Fedhas.
  2412 | D:4      | Reached XP level 7. HP: 66/67 MP: 6/6
  2589 | D:5      | Entered Level 5 of the Dungeon
  2594 | D:5      | Noticed Pikel
  2597 | D:5      | Reached skill level 7 in Shapeshifting
  2610 | D:4      | Killed Pikel
  2611 | D:4      | Reached skill level 8 in Shapeshifting
  2611 | D:4      | Reached XP level 8. HP: 40/79 MP: 7/7
  2653 | D:5      | Noticed Grinder
  2665 | D:5      | Paralysed by Grinder for 5 turns
  2677 | D:5      | Killed Grinder
  2678 | D:5      | Reached skill level 5 in Fighting
  2883 | D:5      | Reached skill level 9 in Shapeshifting
  3050 | D:5      | Found an ancient bone altar of Kikubaaqudgha.
  3074 | D:5      | Reached XP level 9. HP: 69/89 MP: 8/8
  3395 | D:5      | Found a burning altar of Makhleb.
  3474 | D:6      | Found a sacrificial altar of Ru.
  3518 | D:6      | You fall into a shaft and drop 3 floors!
  3548 | D:9      | Found a white marble altar of Elyvilon.
  3595 | D:9      | Found a bloodstained altar of Trog.
  3595 | D:9      | Found a glowing silver altar of Zin.
  3671 | D:8      | Reached skill level 10 in Shapeshifting
  3814 | D:6      | Found a glowing drain.
  3823 | Sewer    | Entered a sewer
  3955 | Sewer    | Found a burning altar of Makhleb.
  4259 | D:6      | Found a staircase to the Ecumenical Temple.
  4279 | Temple   | Found a transporter.
  4279 | Temple   | Found a transporter.
  4279 | Temple   | Found a transporter.
  4279 | Temple   | Found a transporter.
  4279 | Temple   | Entered the Ecumenical Temple
  4299 | Temple   | Became a worshipper of Qazlal Stormbringer
  4597 | D:6      | Found a glowing golden altar of the Shining One.
  4847 | D:7      | Reached skill level 11 in Shapeshifting
  5166 | D:7      | Found a shimmering blue altar of Sif Muna.
  5329 | D:8      | Reached XP level 10. HP: 51/95 MP: 9/9
  5937 | D:8      | Reached * piety under Qazlal
  6174 | D:9      | Found a staircase to the Orcish Mines.
  6197 | D:9      | Noticed a sixfirhy
  6203 | D:9      | Slain by a sixfirhy

Illustrated notes

Levels and vault maps discovered:
D:1:      kennysheep_arrival_forest, layout_basic, serial_shops, shop
D:2:      layout_rooms
D:3:      layout_basic, gammafunk_temple_overflow_forgotten, okawaru_trees_2,
          serial_glass, glass_columns_b, glass_columns_a, glass_columns_a,
          glass_columns_b
D:4:      kb_forest_paths, layout_basic, fedhas_altar_decomposition,
          enter_ossuary_2
D:5:      layout_cave_pools, old_standard_altar, overflow_temple_1_default,
          uniq_pikel, uniq_grinder
D:6:      layout_basic, nicolae_ru_awakened_eye, tso_oasis_becter,
          minmay_temple_entry_stoned_glass, cheibrodos_sewer_entry_bend
D:7:      layout_rooms, mainiacjoe_overflow_brackets
D:8:      layout_gridville
D:9:      layout_small_grid, mainiacjoe_overflow_cross_hatched,
          gammafunk_temple_overflow_statue, kennysheep_mini, orc_0_dummy,
          minmay_nine_imps
Temple:   hellmonk_temple_divided_pantheon

Skill      XL: |  1  2  3  4  5  6  7  8  9 |
---------------+----------------------------+-----
Fighting       | 1 2 3 4 5 7 |  7.3
Shapeshifting  | 4 5 6 8 9 11 | 11.6
Dodging        | |  1.5
Unarmed Combat | |  3.0

Action                     |  1- 3 |  4- 6 |  7- 9 | 10-12 || total
---------------------------+-------+-------+-------+-------++-------
  Melee: Unarmed           |    75 |       |   305 |    49 ||   429
         Punch             |     3 |     3 |     8 |     1 ||    15
         Whip              |    27 |   195 |    54 |       ||   276
    Use: Scroll            |       |       |    18 |       ||    18
         Potion            |       |       |       |     2 ||     2
   Stab: Sleeping          |       |     1 |       |       ||     1
 Armour: Animal skin       |   100 |   108 |   144 |       ||   352
         Steam dragon scal |       |       |   170 |    41 ||   211
  Dodge: Dodged            |    65 |    85 |   144 |    15 ||   309
  Block: Other             |       |    27 |   107 |    18 ||   152
         Reflection        |       |       |     3 |     1 ||     4
   Form: Blade             |       |       |     2 |       ||     2
         Flux              |       |       |     1 |       ||     1
                           |       |       |     1 |       ||     1

Table legend: (Time is in decaauts)
 A = Elapsed time spent in this place.
 B = Non-inter-level travel time spent in this place.
 C = Inter-level travel time spent in this place.
 D = Time resting spent in this place.
 E = Time spent auto-exploring this place.
 F = Levels seen in this place.
 G = Mean time per level.
                   A        B        C        D        E       F      G
               +--------+--------+--------+--------+--------+-----+--------+
         Total |   6211 |   5897 |    314 |     33 |   3813 |  12 |  517.6 |
       Dungeon |   5635 |   5335 |    300 |     33 |   3641 |   9 |  626.1 |
        Temple |     36 |     22 |     14 |      0 |      0 |   1 |   36.0 |
         Sewer |    333 |    333 |      0 |      0 |    133 |   1 |  333.0 |
       Ossuary |    206 |    206 |      0 |      0 |     39 |   1 |  206.0 |
               +--------+--------+--------+--------+--------+-----+--------+

Top non-repeatable levels by time:
     D:4: 940 daAuts
     D:8: 890 daAuts
     D:6: 791 daAuts
     D:3: 731 daAuts
     D:5: 625 daAuts
     D:1: 590 daAuts
     D:7: 536 daAuts
     D:2: 348 daAuts
   Sewer: 333 daAuts
 Ossuary: 206 daAuts
     D:9: 180 daAuts
  Temple: 36 daAuts
